 Dungeon Crawl Stone Soup version 0.24.1 (webtiles) character file.

Game seed: 13666352319943051681, levelgen mode: deterministic

16090 vatarom the Destroyer (level 12, -2/70 HPs)
             Began as a Deep Elf Fire Elementalist on Mar 17, 2020.
             Was an Elder of Vehumet.
             Slain by a five-headed hydra (12 damage)
             ... on level 2 of the Lair of Beasts on Mar 25, 2020.
             The game lasted 00:42:32 (16797 turns).

vatarom the Destroyer (Deep Elf Fire Elementalist) Turns: 16797, Time: 00:42:32

Health: -2/70      AC: 12    Str:  5    XL:     12   Next: 7%
Magic:  15/26      EV: 14    Int: 28    God:    Vehumet [****..]
Gold:   572        SH:  0    Dex: 22    Spells: 6/28 levels left

rFire    . . .     SeeInvis .   y - +2 dagger (elec)
rCold    + . .     Gourm    .   (no shield)
rNeg     . . .     Faith    .   w - +3 ring mail of the Comet {Int+4 Dex+7 Slay+6}
rPois    +         Spirit   .   a - +2 hat
rElec    .         Reflect  .   (no cloak)
rCorr    .         Harm     .   (no gloves)
MR       +....                  (no boots)
Stlth    ++........             (no amulet)
HPRegen  0.21/turn              o - ring of poison resistance
MPRegen  0.20/turn              v - +4 ring of evasion

@: heavily drained
A: antennae 1, cold resistance 1, shaggy fur 1, weak 1
a: Renounce Religion


You were on level 2 of the Lair of Beasts.
You worshipped Vehumet.
Vehumet was greatly pleased with you.
You were very hungry.

You visited 3 branches of the dungeon, and saw 15 of its levels.

You collected 886 gold pieces.
You spent 314 gold pieces at shops.

Inventory:

Hand Weapons
 y - a +2 dagger of electrocution (weapon)
Missiles
 k - 3 throwing nets (quivered) {!f}
Armour
 a - a +2 hat (worn)
 w - the +3 ring mail of the Comet (worn) {Int+4 Dex+7 Slay+6}
   (You found it on level 10 of the Dungeon)

   It affects your intelligence (+4).
   It affects your dexterity (+7).
   It affects your accuracy and damage with ranged weapons and melee attacks
   (+6).
Jewellery
 o - a ring of poison resistance (left hand)
 v - a +4 ring of evasion (right hand)
Wands
 b - a wand of digging (3) {@v1}
 h - a wand of paralysis (11)
 n - a wand of enslavement (11)
 s - a wand of flame (37)
 u - a wand of acid (4) {@v2}
 x - a wand of polymorph (8)
 E - a wand of scattershot (6)
 F - a wand of iceblast (8) {@v4}
Scrolls
 e - 2 scrolls of magic mapping
 f - a scroll of immolation
 g - 2 scrolls of amnesia
 i - 6 scrolls of teleportation {@r3}
 p - 7 scrolls of remove curse {@r2}
 z - 8 scrolls of identify {@r1}
 A - 2 scrolls of enchant armour
Potions
 d - 2 potions of lignification
 j - 2 potions of might {unknown}
 l - 2 potions of cancellation
 m - a potion of agility {unknown}
 q - a potion of magic
 r - 2 potions of heal wounds {@q2}
 t - a potion of curing {unknown}
 B - a potion of brilliance {@q6}
 C - a potion of berserk rage
Comestibles
 c - 12 rations {@e1}


   Skills:
 - Level 6.0(4.6) Fighting
 - Level 6.9(5.5) Armour
 - Level 4.0(2.6) Dodging
 - Level 4.2(2.9) Stealth
 - Level 8.9(7.4) Spellcasting
 + Level 11.9(10.3) Conjurations
 - Level 11.0(9.4) Fire Magic


You had 6 spell levels left.
You knew the following spells:

 Your Spells              Type           Power        Failure   Level  Hunger
a - Flame Tongue          Conj/Fire      #####        1%          1    None
b - Throw Flame           Conj/Fire      ######       1%          2    None
c - Conjure Flame         Conj/Fire      ######..     1%          3    None
d - Inner Flame           Hex/Fire       #####...     2%          3    None
e - Sticky Flame          Conj/Fire      ######..     1%          4    ##.....
f - Fireball              Conj/Fire      ######....   2%          5    ####...
g - Fulminant Prism       Conj/Hex       #####.....   7%          4    ##.....

Your spell library contained the following spells:

 Spells                   Type           Power        Failure   Level  Hunger
 Ignite Poison            Fire/Tmut/Pois ####....     4%          3    None
 Magic Dart               Conj           ####         1%          1    None
 Searing Ray              Conj           ######       1%          2    None
 Iskenderun's Mystic Bla  Conj           ######..     1%          4    ##.....
 Dazzling Spray           Conj/Hex       #####.       2%          3    None
 Force Lance              Conj/Tloc      #####...     7%          4    ##.....


Dungeon Overview and Level Annotations

Branches:
Dungeon (12/15)            Temple (1/1) D:6            Lair (2/6) D:10
    Orc (0/2) D:9
  Swamp: Lair:2-4    Shoals: Lair:2-4     Snake: Lair:2-4    Spider: Lair:2-4

Altars:
Ashenzari
Cheibriados
Dithmenos
Elyvilon
Fedhas
Gozag
Hepliaklqana
Kikubaaqudgha
Makhleb
Nemelex Xobeh
Okawaru
Qazlal
Ru
Sif Muna
Trog
Uskayaw
Vehumet
Wu Jian
Xom
Yredelemnul
Zin
The Shining One

Shops:
D:4 !   D:8 *   D:10 *   D:11 [

Annotations:
D:9 2 transporters, Jabu's ghost, novice DrCj
Lair:2 Nergalle


Innate Abilities, Weirdness & Mutations

You have a pair of small antennae on your head.
Your flesh is cold resistant. (rC+)
You are covered in fur. (AC +1)
You are weak. (Str -2)


Message History

The five-headed hydra burns!
A bullfrog comes into view.
The flames covering the five-headed hydra go out.
The five-headed hydra stops burning.
Casting: Sticky Flame (safe; 1% risk of failure)
Confirm with . or Enter, or press ? or * to list all spells.
Aiming: Sticky Flame (safe; 1% risk of failure)
Press: ? - help, Shift-Dir - straight line, f/p - five-headed hydra
Aim: a five-headed hydra (severely wounded)
The sticky flame hits the five-headed hydra!
The five-headed hydra is almost dead.
The five-headed hydra is covered in liquid flames!
The five-headed hydra burns!
The five-headed hydra bites you but does no damage.
The five-headed hydra bites you!
* * * LOW HITPOINT WARNING * * *
The five-headed hydra closely misses you.
The five-headed hydra barely misses you.
The five-headed hydra bites you!
You die...

# ## P# ## .#
## .#
########## +.
##.≈....≈.#
P#
##..@≈..≈..F
##
#.≈.D≈..≈..≈
##..≈..≈≈..≈.
#...########.
##..## #^.##
##.## #..#
#.##


You could see a five-headed hydra (burning) and a bullfrog (sleeping).

Vanquished Creatures
  4 two-headed ogres
  Sonja (Lair:1)
  A wolf spider zombie (D:12)
  An oklob plant (D:9)
  An ugly thing (D:12)
  A gargoyle (D:11)
  A spiny frog (Lair:1)
  A komodo dragon (Lair:1)
  A hornet (D:7)
  2 trolls (D:9)
  4 hippogriffs
  A spriggan (D:7)
  14 yaks
  A wraith (D:10)
  2 hungry ghosts
  A steam dragon (D:11)
  A basilisk (D:11)
  Edmund (D:5)
  4 water moccasins
  3 porcupines
  7 orc warriors
  3 ice beasts
  2 sky beasts
  A black bear (D:9)
  An eye of draining (D:8)
  2 phantoms
  3 ogres
  3 centaurs
  4 crocodiles
  11 bullfrogs
  A water moccasin zombie (D:9)
  6 scorpions
  12 killer bees
  2 howler monkeys (D:11)
  3 bullfrog zombies
  A centaur skeleton (D:9)
  8 crimson imps
  A quasit (D:8)
  2 bullfrog skeletons
  5 jellies
  5 orc priests
  6 hounds
  5 iguanas
  Terence (D:3)
  8 worker ants
  Natasha (thrice) (D:2)
  8 orc wizards
  A hell rat (D:10)
  2 killer bee zombies
  3 worker ant zombies
  15 adders
  4 howler monkey skeletons
  4 shadow imps
  An adder zombie (D:5)
  An adder skeleton (D:6)
  A worm (D:3)
  3 dart slugs
  A leopard gecko (D:2)
  40 orcs
  7 giant cockroaches
  9 goblins
  3 hobgoblins
  4 jackals (D:11)
  5 quokkas
  2 ball pythons
  5 bats
  3 frilled lizards
  5 kobolds
  A leopard gecko skeleton (D:4)
  10 rats
290 creatures vanquished.

Vanquished Creatures (others)
  8 fulminant prisms
8 creatures vanquished.

Grand Total: 298 creatures vanquished

Notes
Turn   | Place    | Note
-------+----------+-------------------------------------------
     0 | D:1      | vatarom the Deep Elf Fire Elementalist began the quest for
                  | the Orb.
     0 | D:1      | Reached XP level 1. HP: 10/10 MP: 6/6
    84 | D:1      | Upgraded the game from 0.24.0-125-gc4c63601f3 to 0.24.1
   225 | D:1      | Reached XP level 2. HP: 15/15 MP: 6/8
   269 | D:1      | Learned a level 2 spell: Throw Flame
  1105 | D:2      | Reached XP level 3. HP: 19/19 MP: 3/9
  1110 | D:2      | Learned a level 3 spell: Conjure Flame
  1317 | D:2      | Noticed Natasha
  1320 | D:2      | Killed Natasha
  1329 | D:2      | Learned a level 3 spell: Inner Flame
  1425 | D:2      | Found an opulent altar of Gozag.
  1673 | D:2      | Reached XP level 4. HP: 24/24 MP: 4/11
  1721 | D:2      | Noticed Natasha
  1744 | D:2      | Killed Natasha
  1913 | D:2      | Noticed Natasha
  1918 | D:2      | Killed Natasha
  2045 | D:3      | Noticed Terence
  2099 | D:3      | Killed Terence
  2099 | D:3      | Reached XP level 5. HP: 28/28 MP: 0/13
  2287 | D:3      | You fall into a shaft and drop 2 floors!
  2287 | D:5      | Entered Level 5 of the Dungeon
  2414 | D:5      | Noticed Edmund
  2439 | D:5      | Noticed an ice beast
  2471 | D:5      | Killed an ice beast
  2471 | D:5      | Reached XP level 6. HP: 28/32 MP: 1/14
  2723 | D:5      | Learned a level 4 spell: Sticky Flame
  3089 | D:4      | Reached skill level 5 in Spellcasting
  3138 | D:4      | Reached skill level 5 in Fire Magic
  3418 | D:4      | Found Tidi's Distillery.
  3424 | D:4      | Bought a potion of magic for 104 gold pieces
  3424 | D:4      | Bought a potion of heal wounds for 65 gold pieces
  3431 | D:4      | You fall into a shaft and drop 1 floor!
  3856 | D:3      | Reached XP level 7. HP: 31/36 MP: 9/17
  5147 | D:5      | Found a basalt altar of Yredelemnul.
  5163 | D:5      | Found a stormy altar of Qazlal.
  5325 | D:5      | Reached skill level 5 in Conjurations
  5345 | D:5      | Killed Edmund
  5365 | D:5      | Learned a level 5 spell: Fireball
  5928 | D:6      | Reached XP level 8. HP: 41/41 MP: 7/19
  7005 | D:6      | Found a staircase to the Ecumenical Temple.
  7027 | Temple   | Entered the Ecumenical Temple
  7098 | Temple   | Became a worshipper of Vehumet
  7343 | D:6      | Found a burning altar of Makhleb.
  7503 | D:7      | Reached skill level 1 in Fighting
  7624 | D:7      | Reached XP level 9. HP: 48/48 MP: 19/23
  7845 | D:7      | Found a glowing golden altar of the Shining One.
  7845 | D:7      | Found a sparkling altar of Nemelex Xobeh.
  7964 | D:7      | Found a white marble altar of Elyvilon.
  7966 | D:7      | Found a faded altar of an unknown god.
  7968 | D:7      | Found a faded altar of an unknown god.
  8073 | D:7      | Paralysed by a hornet for 3 turns
  8335 | D:7      | Found a blossoming altar of Fedhas.
  8440 | D:7      | Learned a level 4 spell: Fulminant Prism
  8469 | D:7      | Found a shimmering blue altar of Sif Muna.
  8771 | D:8      | Found Meatecli's Assorted Antiques.
  8780 | D:8      | Bought a dented steel amulet for 145 gold pieces
  8816 | D:8      | Reached * piety under Vehumet
  8816 | D:8      | Offered knowledge of Sting by Vehumet.
  9087 | D:8      | HP: 2/52 [orc warrior/+0 trident (18)]
  9596 | D:8      | Reached skill level 5 in Fighting
  9859 | D:8      | Noticed a two-headed ogre
  9862 | D:8      | Killed a two-headed ogre
  9862 | D:8      | Reached XP level 10. HP: 60/60 MP: 8/24
 10141 | D:8      | Got a dazzling scale mail
 10152 | D:8      | Identified the +6 scale mail of Yfuthreb {Stlth+} (You
                  | found it on level 8 of the Dungeon)
 10351 | D:9      | Noticed a two-headed ogre
 10360 | D:9      | Killed a two-headed ogre
 10647 | D:9      | Noticed a two-headed ogre
 10653 | D:9      | Killed a two-headed ogre
 10996 | D:9      | Found a staircase to the Orcish Mines.
 11005 | D:9      | Noticed a cyclops
 11010 | D:9      | Noticed Jabu's ghost (novice DrCj)
 11011 | D:9      | Found a transporter.
 11020 | D:9      | Found a transporter.
 11122 | D:9      | Reached skill level 10 in Fire Magic
 11459 | D:9      | Gained mutation: You are frail. (-10% HP) [potion of
                  | mutation]
 11459 | D:9      | Gained mutation: You are covered in fur. (AC +1) [potion of
                  | mutation]
 11459 | D:9      | Gained mutation: You are clumsy. (Dex -2) [potion of
                  | mutation]
 11459 | D:9      | Gained mutation: You have a pair of small antennae on your
                  | head. [potion of mutation]
 11467 | D:9      | Reached skill level 5 in Armour
 11486 | D:9      | Reached ** piety under Vehumet
 11652 | D:9      | Found a sacrificial altar of Ru.
 11653 | D:9      | Noticed an oklob plant
 11662 | D:9      | Killed an oklob plant
 11662 | D:9      | Reached XP level 11. HP: 57/57 MP: 12/25
 11769 | D:10     | Entered Level 10 of the Dungeon
 11805 | D:10     | Offered knowledge of Shock by Vehumet.
 11901 | D:10     | Got a fine ring mail
 11912 | D:10     | Identified the +3 ring mail of the Comet {Int+4 Dex+7
                  | Slay+6} (You found it on level 10 of the Dungeon)
 11929 | D:10     | Found Xiank's Mass Market.
 11979 | D:10     | Found a staircase to the Lair.
 11979 | D:10     | Noticed a death yak
 11979 | D:10     | Noticed a death yak
 12265 | D:10     | Noticed a death yak
 12695 | D:10     | Lost mutation: You are frail. (-10% HP) [potion of
                  | mutation]
 12695 | D:10     | Lost mutation: You are clumsy. (Dex -2) [potion of
                  | mutation]
 12695 | D:10     | Gained mutation: You are weak. (Str -2) [potion of
                  | mutation]
 12695 | D:10     | Gained mutation: Your flesh is cold resistant. (rC+)
                  | [potion of mutation]
 12909 | D:10     | Noticed a fire dragon
 13410 | D:11     | Offered knowledge of Stone Arrow by Vehumet.
 13561 | D:11     | Reached *** piety under Vehumet
 13681 | D:11     | Found Vympol's Armour Boutique.
 13813 | D:11     | Noticed a two-headed ogre
 13822 | D:11     | Killed a two-headed ogre
 14233 | D:11     | Offered knowledge of Ignite Poison by Vehumet.
 14692 | D:12     | Noticed a brown ugly thing
 15239 | D:12     | Killed a brown ugly thing
 15239 | D:12     | Reached skill level 10 in Conjurations
 15401 | Lair:1   | Entered Level 1 of the Lair of Beasts
 15401 | Lair:1   | Noticed Sonja
 15403 | Lair:1   | Killed Sonja
 15495 | Lair:1   | Found the +8 orange crystal plate armour {Archmagi, Int+3
                  | Clar}
 16107 | Lair:1   | Reached **** piety under Vehumet
 16107 | Lair:1   | Reached XP level 12. HP: 70/70 MP: 18/26
 16398 | Lair:2   | Noticed Nergalle
 16401 | Lair:2   | Noticed a four-headed hydra
 16769 | Lair:2   | Noticed a five-headed hydra
 16797 | Lair:2   | Slain by a five-headed hydra

Levels and vault maps discovered:
D:1:      dpeg_arrival_more_subterranean_lakeside_camping, layout_rooms
D:2:      layout_rooms, nicolae_gozag_seed_capital, kennysheep_generic_room_3,
          uniq_natasha
D:3:      layout_basic, uniq_terence
D:4:      layout_basic, serial_shops, shop, hangedman_decor_peaks_small,
          saegor_snake_ambush
D:5:      layout_basic, minitemple, first_ration, serial_park_tiny_1,
          uniq_edmund
D:6:      hangedman_cross_stitches, layout_loops_ring, makhleb_grotto_becter,
          minmay_temple_entry_trees, minmay_large_rounded_square,
          serial_park_tiny_2, lemuel_statue_altar
D:7:      layout_basic, fedhas_ov_isle_minmay, led_sif_book,
          chequers_temple_overflow_minitemple, the_bakery
D:8:      layout_basic, serial_shops, shop
D:9:      layout_gridville, orc_0_dummy, gammafunk_ghost_arena,
          lemuel_oklob_altar
D:10:     dragon1_lemuel, layout_loops_ring, dpeg_lair_monsters,
          minmay_shop_mass, minmay_misc_feat_nine_boxes, minivault_25
D:11:     layout_irregular_city, serial_shops, shop
D:12:     layout_roguey, basic_altar, ebering_ghost_disaster_area,
          chequers_serial_rivers_small_b
Temple:   cyrus_circular_temple
Lair:1:   layout_big_grid, uniq_sonja
Lair:2:   layout_roguey [special_room_bee], minivault_25, nzn_random_ring,
          serial_bayou_shore_a, uniq_nergalle

Skill      XL: |  1  2  3  4  5  6  7  8  9 10 11 |
---------------+----------------------------------+-----
Dodging        | 3 4 |  4.0
Stealth        | 3 4 |  4.2
Fire Magic     | 4 5 6 7 9 10 11 | 11.0
Conjurations   | 2 4 6 8 11 | 11.9
Spellcasting   | 4 5 6 8 |  8.9
Fighting       | 1 5 6 |  6.0
Armour         | 5 6 |  6.9

Action                   |  1- 3 |  4- 6 |  7- 9 | 10-12 || total
-------------------------+-------+-------+-------+-------++-------
Melee: Unarmed           |     1 |       |       |       ||     1
       Whip              |     9 |     3 |       |       ||    12
       Trident           |       |   105 |   166 |       ||   271
       Dagger            |       |       |    56 |   226 ||   282
 Cast: Flame Tongue      |    29 |    26 |    42 |       ||    97
       Throw Flame       |    20 |    37 |    61 |    80 ||   198
       Conjure Flame     |       |     3 |     4 |     6 ||    13
       Sticky Flame      |       |     3 |    32 |    45 ||    80
       Fireball          |       |       |    15 |    35 ||    50
       Fulminant Prism   |       |       |       |     8 ||     8
  Use: Scroll            |     5 |     4 |    10 |     8 ||    27
       Potion            |     3 |     2 |     5 |     6 ||    16
 Stab: Sleeping          |       |     3 |     8 |     7 ||    18
       Distracted        |       |       |     1 |       ||     1
  Eat: Chunk             |     3 |     5 |    13 |     9 ||    30
       Ration            |       |     1 |     4 |     6 ||    11
Armor: Robe              |     1 |    16 |    29 |    11 ||    57
       Ring mail         |       |       |       |    91 ||    91
Dodge: Dodged            |    18 |    80 |   231 |   278 ||   607
